TOP OF THE 1ST |
San Antonio Missions batting - Pitching for Altoona Curve : RHP Joreão Zquete
|
Pitching: RHP Joreão Zquete
|
|
Batting: LHB Tsutomu Miyahara
|
0-0: Ball 1-0: Called Strike 1-1: Ball 2-1: Ball 3-1: Swinging Strike 3-2: Base on Balls
|
Batting: LHB Javy Portela
|
0-0: Called Strike 0-1: Ball 1-1: Ball 2-1: SINGLE (Groundball, 6D, EV 105.6 MPH) Tsutomu Miyahara to second
|
Batting: RHB Rudolf Gommers
|
0-0: Ball 1-0: Called Strike 1-1: Called Strike Tsutomu Miyahara steals 3rd base Javy Portela to second 1-2: Foul Ball, location: 2F 1-2: Strikes out swinging
|
Batting: RHB Kyle Davis
|
0-0: Called Strike 0-1: SINGLE (Line Drive, 8RS, EV 105.0 MPH) Tsutomu Miyahara scores Javy Portela to third
|
Batting: LHB Luis Cruz
|
0-0: Foul Ball, location: 2F 0-1: Foul Ball, location: 2F 0-2: Fly out, F5 (Popup, 5SF, EV 81.9 MPH)
|
Batting: RHB Min-chin Yi
|
0-0: Ball 1-0: Foul Ball, location: 2F 1-1: Ball 2-1: Swinging Strike 2-2: Ground out U3 (Groundball, 3, EV 87.5 MPH)
|
Top of the 1st over - 1 run, 2 hits, 0 errors, 2 left on base; San Antonio 1 - Altoona 0 |
BOTTOM OF THE 1ST |
Altoona Curve batting - Pitching for San Antonio Missions : RHP Tim Stewart
|
Pitching: RHP Tim Stewart
|
|
Batting: RHB Nelson Ozuna
|
0-0: Ball 1-0: Foul Ball, location: 2F 1-1: Ball 2-1: Swinging Strike 2-2: Foul Ball, location: 2F 2-2: SINGLE (Line Drive, 6D, EV 98.1 MPH)
|
Batting: LHB Jesse Henly
|
0-0: Ball 1-0: Called Strike 1-1: Swinging Strike 1-2: Ball 2-2: Strikes out swinging
|
Batting: RHB Terry Sutherland
|
0-0: Fly out, F4 (Flyball, 4D, EV 89.4 MPH)
|
Batting: RHB Matt Keef
|
0-0: Ball Nelson Ozuna is caught stealing 2nd base 2-4
|
Bottom of the 1st over - 0 runs, 1 hit, 0 errors, 0 left on base; San Antonio 1 - Altoona 0 |
TOP OF THE 2ND |
San Antonio Missions batting - Pitching for Altoona Curve : RHP Joreão Zquete
|
Batting: SHB Curtis Thompson
|
0-0: Called Strike 0-1: Foul Ball, location: 2F 0-2: Ball 1-2: Foul Ball, location: 2F 1-2: Foul Ball, location: 2F 1-2: Ball 2-2: Strikes out swinging
|
Batting: LHB Josh Slusarczyk
|
0-0: Ball 1-0: Called Strike 1-1: Swinging Strike 1-2: Fly out, F8 (Line Drive, 8RM, EV 103.8 MPH)
|
Batting: RHB Nate Burkhalter
|
0-0: Foul Ball, location: 2F 0-1: Ground out 4-3 (Groundball, 4, EV 80.0 MPH)
|
Top of the 2nd over - 0 runs, 0 hits, 0 errors, 0 left on base; San Antonio 1 - Altoona 0 |
BOTTOM OF THE 2ND |
Altoona Curve batting - Pitching for San Antonio Missions : RHP Tim Stewart
|
Batting: RHB Matt Keef
|
0-0: Ball 1-0: Ground out 6-3 (Groundball, 6, EV 97.5 MPH)
|
Batting: RHB Killian Jones
|
0-0: Foul Ball, location: 2F 0-1: Ball 1-1: Swinging Strike 1-2: Foul Ball, location: 2F 1-2: Ball 2-2: Foul Ball, location: 2F 2-2: Fly out, F8 (Flyball, 8LD, EV 89.4 MPH)
|
Batting: RHB Keiji Nakajima
|
0-0: Foul Ball, location: 2F 0-1: Called Strike 0-2: SINGLE (Flyball, 89S, EV 95.6 MPH)
|
Batting: RHB Brian Moore
|
0-0: Ball 1-0: Fielders Choice at 2nd, 5-4 (Groundball, 56, EV 96.2 MPH)
|
Bottom of the 2nd over - 0 runs, 1 hit, 0 errors, 1 left on base; San Antonio 1 - Altoona 0 |
TOP OF THE 3RD |
San Antonio Missions batting - Pitching for Altoona Curve : RHP Joreão Zquete
|
Batting: LHB Tsutomu Miyahara
|
0-0: Called Strike 0-1: Called Strike 0-2: Strikes out swinging
|
Batting: LHB Javy Portela
|
0-0: Ball 1-0: Foul Ball, location: 2F 1-1: Fly out, F9 (Flyball, 9LM, EV 97.5 MPH)
|
Batting: RHB Rudolf Gommers
|
0-0: Ball 1-0: Reached on error, E6 (Groundball, 6, EV 90.6 MPH)
|
Batting: RHB Kyle Davis
|
0-0: Ball 1-0: Ball 2-0: Ball 3-0: Called Strike 3-1: Swinging Strike 3-2: Strikes out looking
|
Top of the 3rd over - 0 runs, 0 hits, 1 error, 1 left on base; San Antonio 1 - Altoona 0 |
BOTTOM OF THE 3RD |
Altoona Curve batting - Pitching for San Antonio Missions : RHP Tim Stewart
|
Batting: RHB Pedro Criollo
|
0-0: Ball 1-0: Ball 2-0: Ball 3-0: Base on Balls
|
Batting: RHB Slamet Pamungkas
|
0-0: Ball 1-0: Foul Ball, location: 2F 1-1: Ball 2-1: Ball 3-1: Foul Ball, location: 2F 3-2: Foul Ball, location: 2F 3-2: Base on Balls Pedro Criollo to second
|
Batting: RHB Nelson Ozuna
|
0-0: Ball 1-0: Called Strike 1-1: Swinging Strike 1-2: Foul Ball, location: 2F 1-2: Strikes out looking
|
Batting: LHB Jesse Henly
|
0-0: Called Strike 0-1: Ball 1-1: Fielders Choice at 2nd, 6-4 (Groundball, 6, EV 86.2 MPH) Pedro Criollo to third
|
Batting: RHB Terry Sutherland
|
0-0: Ball 1-0: Ball 2-0: Foul Ball, location: 2F 2-1: Called Strike 2-2: Ground out 5-3 (Groundball, 56S, EV 80.0 MPH)
|
Bottom of the 3rd over - 0 runs, 0 hits, 0 errors, 2 left on base; San Antonio 1 - Altoona 0 |
TOP OF THE 4TH |
San Antonio Missions batting - Pitching for Altoona Curve : RHP Joreão Zquete
|
Batting: LHB Luis Cruz
|
0-0: Called Strike 0-1: Ball 1-1: Ball 2-1: Called Strike 2-2: Foul Ball, location: 2F 2-2: Strikes out looking
|
Batting: RHB Min-chin Yi
|
0-0: Called Strike 0-1: Called Strike 0-2: Ball 1-2: Foul Ball, location: 2F 1-2: Ground out 5-3 (Groundball, 5, EV 87.5 MPH)
|
Batting: SHB Curtis Thompson
|
0-0: Called Strike 0-1: Ball 1-1: Fly out, F9 (Line Drive, 9, EV 96.9 MPH)
|
Top of the 4th over - 0 runs, 0 hits, 0 errors, 0 left on base; San Antonio 1 - Altoona 0 |
BOTTOM OF THE 4TH |
Altoona Curve batting - Pitching for San Antonio Missions : RHP Tim Stewart
|
Batting: RHB Matt Keef
|
0-0: Foul Ball, location: 2F 0-1: Foul Ball, location: 2F 0-2: Ball 1-2: Ball 2-2: Foul Ball, location: 2F 2-2: Foul Ball, location: 2F 2-2: Ground out 6-3 (Groundball, 6, EV 105.6 MPH)
|
Batting: RHB Killian Jones
|
0-0: Called Strike 0-1: Swinging Strike 0-2: Strikes out looking
|
Batting: RHB Keiji Nakajima
|
0-0: Swinging Strike 0-1: Ball 1-1: Called Strike 1-2: SINGLE (Groundball, P, EV 82.5 MPH) (infield hit)
|
Batting: RHB Brian Moore
|
0-0: Ball 1-0: Foul Ball, location: 2F 1-1: Called Strike 1-2: Ball 2-2: Ball Keiji Nakajima steals 2nd, throwing error, E2 Keiji Nakajima to third 3-2: Ground out 4-3 (Groundball, 4MD, EV 98.1 MPH)
|
Bottom of the 4th over - 0 runs, 1 hit, 1 error, 1 left on base; San Antonio 1 - Altoona 0 |
TOP OF THE 5TH |
San Antonio Missions batting - Pitching for Altoona Curve : RHP Joreão Zquete
|
Batting: LHB Josh Slusarczyk
|
0-0: Swinging Strike 0-1: Ball 1-1: Called Strike 1-2: Ball 2-2: Ball 3-2: Ground out 6-3 (Groundball, 6MS, EV 69.4 MPH)
|
Batting: RHB Nate Burkhalter
|
0-0: Hit by Pitch
|
Batting: LHB Tsutomu Miyahara
|
0-0: Fielders Choice at 2nd, 4-6 (Groundball, 4, EV 107.5 MPH)
|
Batting: LHB Javy Portela
|
0-0: Ball Tsutomu Miyahara is caught stealing 2nd base 2-6
|
Top of the 5th over - 0 runs, 0 hits, 0 errors, 0 left on base; San Antonio 1 - Altoona 0 |
BOTTOM OF THE 5TH |
Altoona Curve batting - Pitching for San Antonio Missions : RHP Tim Stewart
|
Batting: RHB Pedro Criollo
|
0-0: Called Strike 0-1: Called Strike 0-2: Ball 1-2: Ball 2-2: Ball 3-2: Ground out 6-3 (Groundball, 56D, EV 101.9 MPH)
|
Batting: RHB Slamet Pamungkas
|
0-0: SINGLE (Groundball, 6S, EV 73.8 MPH) (infield hit)
|
Batting: RHB Nelson Ozuna
|
0-0: Called Strike Slamet Pamungkas is caught stealing 2nd base 2-4 0-1: Ball 1-1: Ball 2-1: Ball 3-1: Foul Ball, location: 2F 3-2: Base on Balls
|
Batting: LHB Jesse Henly
|
0-0: Ball 1-0: Fly out, F8 (Flyball, 8RM, EV 90.0 MPH)
|
Bottom of the 5th over - 0 runs, 1 hit, 0 errors, 1 left on base; San Antonio 1 - Altoona 0 |
TOP OF THE 6TH |
San Antonio Missions batting - Pitching for Altoona Curve : RHP Joreão Zquete
|
Batting: LHB Javy Portela
|
0-0: Foul Ball, location: 2F 0-1: SINGLE (Line Drive, 78S, EV 102.5 MPH)
|
Batting: RHB Rudolf Gommers
|
0-0: Called Strike 0-1: Ball 1-1: Foul Ball, location: 2F 1-2: Foul Ball, location: 2F 1-2: Ball 2-2: Strikes out swinging
|
Batting: RHB Kyle Davis
|
0-0: Ball 1-0: Called Strike 1-1: Fielders Choice at 2nd, 6-4 (Groundball, 6, EV 104.4 MPH)
|
Batting: LHB Luis Cruz
|
0-0: Ball 1-0: Ball 2-0: Called Strike 2-1: Foul Ball, location: 2F 2-2: Fielders Choice at 2nd, 6-4 (Groundball, 6, EV 85.0 MPH)
|
Top of the 6th over - 0 runs, 1 hit, 0 errors, 1 left on base; San Antonio 1 - Altoona 0 |
BOTTOM OF THE 6TH |
Altoona Curve batting - Pitching for San Antonio Missions : RHP Tim Stewart
|
Batting: RHB Terry Sutherland
|
0-0: Foul Ball, location: 2F 0-1: Called Strike 0-2: DOUBLE (Groundball, 5L, EV 108.1 MPH)
|
Batting: RHB Matt Keef
|
0-0: Ball 1-0: Foul Ball, location: 2F 1-1: Foul Ball, location: 2F 1-2: SINGLE (Line Drive, 34D, EV 96.2 MPH) Terry Sutherland to third
|
Pitching: RHP Travis White
|
|
Batting: RHB Killian Jones
|
0-0: Foul Ball, location: 2F 0-1: Ball 1-1: Ball 2-1: Called Strike Matt Keef steals 2nd base 2-2: Fly out, F3 (Popup, 3SF, EV 65.0 MPH)
|
Batting: RHB Keiji Nakajima
|
0-0: Ball 1-0: Ball 2-0: SINGLE (Groundball, P, EV 82.5 MPH) (infield hit) Terry Sutherland scores Matt Keef to third
|
Batting: RHB Brian Moore
|
0-0: Foul Ball, location: 2F 0-1: SINGLE (Groundball, 5, EV 95.6 MPH) Matt Keef scores Keiji Nakajima to second
|
Batting: RHB Pedro Criollo
|
0-0: Foul Ball, location: 2F 0-1: Ball 1-1: Ball 2-1: Swinging Strike 2-2: Strikes out swinging
|
Batting: RHB Slamet Pamungkas
|
0-0: Fielders Choice at 2nd, 6-4 (Groundball, 6, EV 91.2 MPH)
|
Bottom of the 6th over - 2 runs, 4 hits, 0 errors, 2 left on base; San Antonio 1 - Altoona 2 |
TOP OF THE 7TH |
San Antonio Missions batting - Pitching for Altoona Curve : RHP Joreão Zquete
|
Batting: RHB Min-chin Yi
|
0-0: Called Strike 0-1: Ball 1-1: Ball 2-1: Ground out 5-3 (Groundball, 56S, EV 88.1 MPH)
|
Pitching: RHP Justin West
|
|
Batting: SHB Curtis Thompson
|
0-0: Ball 1-0: Ball 2-0: Called Strike 2-1: Fly out, F9 (Flyball, 9S, EV 89.4 MPH)
|
Batting: LHB Josh Slusarczyk
|
0-0: Called Strike 0-1: Ball 1-1: Called Strike 1-2: Fly out, F7 (Flyball, 7D, EV 96.9 MPH)
|
Top of the 7th over - 0 runs, 0 hits, 0 errors, 0 left on base; San Antonio 1 - Altoona 2 |
BOTTOM OF THE 7TH |
Altoona Curve batting - Pitching for San Antonio Missions : RHP Travis White
|
Pitching: RHP Zach Monlux
|
|
Batting: RHB Nelson Ozuna
|
0-0: Called Strike 0-1: Fly out, F8 (Flyball, 8LM, EV 96.9 MPH)
|
Batting: LHB Jesse Henly
|
0-0: Called Strike 0-1: Ground out 4-3 (Groundball, 4, EV 89.4 MPH)
|
Batting: RHB Terry Sutherland
|
0-0: Foul Ball, location: 2F 0-1: Ball 1-1: Called Strike 1-2: Ball 2-2: Foul Ball, location: 2F 2-2: Ball 3-2: Foul Ball, location: 2F 3-2: Hit by Pitch
|
Batting: RHB Matt Keef
|
0-0: SINGLE (Line Drive, 7LS, EV 108.8 MPH) Terry Sutherland to second
|
Batting: RHB Killian Jones
|
0-0: Called Strike 0-1: Foul Ball, location: 2F 0-2: Fly out, F4 (Popup, 3D, EV 58.1 MPH)
|
Bottom of the 7th over - 0 runs, 1 hit, 0 errors, 2 left on base; San Antonio 1 - Altoona 2 |
TOP OF THE 8TH |
San Antonio Missions batting - Pitching for Altoona Curve : RHP Justin West
|
Batting: RHB Nate Burkhalter
|
0-0: Called Strike 0-1: Ball 1-1: SINGLE (Groundball, 4MD, EV 95.0 MPH)
|
Batting: LHB Tsutomu Miyahara
|
0-0: Bunted foul 0-1: Ball 1-1: Bunted foul 1-2: Fly out, F8 (Line Drive, 8LD, EV 90.0 MPH)
|
Batting: LHB Javy Portela
|
0-0: Foul Ball, location: 2F 0-1: Ball 1-1: Foul Ball, location: 2F 1-2: Ball 2-2: Fielders Choice at 2nd, 6-4 (Groundball, 6M, EV 100.0 MPH)
|
Batting: RHB Rudolf Gommers
|
0-0: Ball 1-0: Foul Ball, location: 2F 1-1: Ground out 6-3 (Groundball, 56S, EV 86.9 MPH)
|
Top of the 8th over - 0 runs, 1 hit, 0 errors, 1 left on base; San Antonio 1 - Altoona 2 |
BOTTOM OF THE 8TH |
Altoona Curve batting - Pitching for San Antonio Missions : RHP Zach Monlux
|
Batting: RHB Keiji Nakajima
|
0-0: Called Strike 0-1: Ball 1-1: Ball 2-1: Fly out, F6 (Line Drive, 6, EV 70.0 MPH)
|
Batting: RHB Brian Moore
|
0-0: Fly out, F7 (Flyball, 7D, EV 94.4 MPH)
|
Batting: RHB Pedro Criollo
|
0-0: Called Strike 0-1: Ground out 4-3 (Groundball, 4M, EV 81.2 MPH)
|
Bottom of the 8th over - 0 runs, 0 hits, 0 errors, 0 left on base; San Antonio 1 - Altoona 2 |
TOP OF THE 9TH |
San Antonio Missions batting - Pitching for Altoona Curve : RHP Justin West
|
Pitching: RHP Robby Poyfair
|
|
Now at 1B: Aito Harada
|
|
Batting: RHB Kyle Davis
|
0-0: Ball 1-0: Swinging Strike 1-1: Swinging Strike 1-2: Foul Ball, location: 2F 1-2: Fly out, F7 (Flyball, 78S, EV 81.2 MPH)
|
Batting: LHB Luis Cruz
|
0-0: Swinging Strike 0-1: Foul Ball, location: 2F 0-2: SINGLE (Flyball, 78D, EV 98.1 MPH)
|
Batting: RHB Min-chin Yi
|
0-0: Swinging Strike 0-1: Ball 1-1: Ball 2-1: Ball 3-1: Called Strike 3-2: SINGLE (Groundball, 6M, EV 105.0 MPH) (infield hit) Luis Cruz to second
|
Batting: SHB Curtis Thompson
|
0-0: Called Strike 0-1: Swinging Strike 0-2: Foul Ball, location: 2F 0-2: Ball 1-2: Ball 2-2: Strikes out swinging
|
Batting: LHB Josh Slusarczyk
|
0-0: Ground out 1-3 (Groundball, 15, EV 70.6 MPH)
|
Top of the 9th over - 0 runs, 2 hits, 0 errors, 2 left on base; San Antonio 1 - Altoona 2 |
|